 Dungeon Crawl Stone Soup version 0.20-a0-915-gb278767 (webtiles) character file.

6267 M4edhros the Spear-Bearer (level 10, -4/69 HPs)
             Began as an Octopode Fighter on Mar 25, 2017.
             Was an Elder of Qazlal.
             Slain by Erolcha
             ... wielding a +0 giant club
              (34 damage)
             ... on level 9 of the Dungeon.
             The game lasted 00:21:37 (9785 turns).

M4edhros the Spear-Bearer (Octopode Fighter)        Turns: 9785, Time: 00:21:38

Health: -4/69      AC:  1    Str: 18    XL:     10   Next: 94%
Magic:  21/21      EV: 15    Int: 11    God:    Qazlal [****..]
Gold:   530        SH: 16    Dex: 14    Spells: 9/9 levels left

rFire    . . .     SeeInvis .   a - +0 trident
rCold    . . .     Gourm    .   b - +1 shield
rNeg     + . .     Faith    .   (helmet restricted)
rPois    .         Spirit   .   (no amulet)
rElec    .         Reflect  .   k - ring of protection from magic
rCorr    .         Harm     .   w - ring of magical power
MR       +....                  s - ring of stealth
Stlth    ++........             v - ring of positive energy
Regen    0.3/turn               (no ring)
MPRegen  0.2/turn               (no ring)
                                (no ring)
                                (no ring)

@: very slightly contaminated, invisible, repel missiles
A: almost no armour, stealthy swim, amphibious, 8 rings, constrict 8, camouflage
1, low mp 1, strong 1, wild magic 1, gelatinous body 1
a: Upheaval, Elemental Force, Renounce Religion


You were on level 9 of the Dungeon.
You worshipped Qazlal.
Qazlal was greatly pleased with you.
You were not hungry.

You visited 1 branch of the dungeon, and saw 9 of its levels.

You collected 530 gold pieces.

Inventory:

Hand Weapons
 a - a +0 trident (weapon)
Armour
 b - a +1 shield (worn)
Jewellery
 k - a ring of protection from magic (left tentacle)
 s - a ring of stealth (on tentacle)
 v - a ring of positive energy (on tentacle)
 w - a ring of magical power (right tentacle)
Wands
 m - a wand of iceblast (0/15)
 E - a wand of digging (14/24)
Scrolls
 g - 2 scrolls of teleportation
 i - 3 scrolls of remove curse
 l - 2 scrolls of magic mapping
 y - a scroll of amnesia
Potions
 c - a potion of might
 h - a potion of resistance {unknown}
 j - a potion of agility
 n - 2 potions of curing
 q - a potion of heal wounds
 x - a potion of flight {unknown}
 z - 3 potions of brilliance
 B - a potion of degeneration {unknown}
 C - 2 potions of ambrosia
Books
 D - Sif Muna's Guide on the Volcanoes
   (You found it on level 8 of the Dungeon)

   Spells                             Type                      Level
   a - Flame Tongue                   Conjuration/Fire             1
Comestibles
 d - 6 bread rations
 f - 4 chunks of flesh
 p - 2 royal jellies
 t - 7 fruits
 u - 3 meat rations


   Skills:
 + Level 6.8 Fighting
 - Level 11.6 Polearms
 + Level 6.4 Dodging
 + Level 6.5 Shields
 * Level 5.0 Invocations


You had 9 spell levels left.
You didn't know any spells.

Dungeon Overview and Level Annotations

Branches:
Dungeon (9/15)             Temple (0/1) D:7            Lair (0/6) D:9
    Orc: D:9-12

Altars:
Ashenzari
Dithmenos
Elyvilon
Fedhas
Okawaru
Qazlal
Ru
Sif Muna
Trog
Uskayaw
Wu Jian
Yredelemnul
The Shining One

Shops:
D:4 **[   D:5 [   D:7 !

Annotations:
D:9 Erolcha


Innate Abilities, Weirdness & Mutations

You cannot wear most types of armour.
You are very stealthy in the water. (Stealth+)
You are amphibious.
You can wear up to eight rings at the same time.
You can use your tentacles to constrict eight enemies at once.
Your skin changes colour to match your surroundings (Stealth+).
Your rubbery body absorbs attacks. (AC +1, EV +1)
Your magical capacity is low. (-10% MP)
Your muscles are strong. (Str +2)
Your spells are a little harder to cast, but a little more powerful.


Message History

Psyche is engulfed in freezing vapours.
Psyche closely misses you.
Erolcha the Cunning comes into view.
She is wielding a giant club.
You hit the two-headed ogre.
The two-headed ogre is almost dead.
You constrict Psyche.
Psyche is engulfed in freezing vapours.
You kill Psyche!
Qazlal accepts your kill.
Your Invocations skill increases to level 5!
Erolcha tries to grin evilly.
Unknown command.
You barely miss the two-headed ogre. You squeeze the two-headed ogre!
The two-headed ogre is almost dead.
Erolcha is engulfed in freezing vapours.
You hit the two-headed ogre.
The two-headed ogre is almost dead.
The two-headed ogre hits you with a giant club!!
You block the two-headed ogre's attack.
Erolcha is engulfed in freezing vapours.
Erolcha hits you with a giant club!!
You die...

#)....###........ ..
#.....###........ ###
.##.....#.........#
..# ..# .. #.##....<.#
#####.#### #.##.##
#....†.# #........#
#.#... #......#
#..?.....# #....
#....... # #........#
#.§# #######.
####...)....###O@# ##
.......##..###/§O# #
................§# .
..)....########......#
.. .......# #........
... .......# ..>......
#.J. .......#
[........ #...
.......# #.........
#... .......#
#.........


You could see a two-headed ogre and Erolcha.

Vanquished Creatures
  Erica (D:9)
  Pikel (D:6)
  Maurice (D:8)
  Psyche (D:9)
  A troll (D:9)
  3 hippogriffs (D:9)
  Sigmund (D:5)
  3 yaks (D:8)
  Eustachio (D:4)
  Duvessa (D:6)
  2 ice beasts (D:5)
  2 orc warriors
  4 ogres
  A slave (D:6)
  2 phantoms
  2 sky beasts (D:8)
  A centaur (D:8)
  A necrophage (D:9)
  A big kobold (D:9)
  5 bullfrogs
  Dowan (D:6)
  A centaur zombie (D:7)
  A crimson imp (D:6)
  3 jellies
  5 orc priests
  A hound (D:4)
  Crazy Yiuf (D:2)
  2 centaur skeletons
  Jessica (D:2)
  A gnoll shaman (D:5)
  4 iguanas
  11 orc wizards
  2 worker ants
  A killer bee zombie (D:8)
  A worker ant zombie (D:6)
  6 gnolls
  9 adders
  A shadow imp (D:5)
  An adder zombie (D:9)
  2 worms (D:4)
  6 dart slugs
  9 leopard geckos
  38 orcs
  4 giant cockroaches
  2 gnoll zombies (D:7)
  6 goblins
  6 hobgoblins
  9 jackals
  3 quokkas
  10 bats
  4 frilled lizards
  A jackal zombie (D:8)
  11 kobolds
  6 rats
205 creatures vanquished.

Vanquished Creatures (others)
  2 slaves (D:6)
2 creatures vanquished.

Grand Total: 207 creatures vanquished

Notes
Turn   | Place    | Note
-------+----------+-------------------------------------------
     0 | D:1      | M4edhros the Octopode Fighter began the quest for the Orb.
     0 | D:1      | Reached XP level 1. HP: 16/16 MP: 1/1
   257 | D:1      | Reached XP level 2. HP: 18/21 MP: 2/2
   369 | D:1      | Reached skill level 3 in Polearms
   639 | D:2      | Noticed Jessica
   642 | D:2      | Killed Jessica
   642 | D:2      | Reached XP level 3. HP: 26/26 MP: 3/3
   704 | D:2      | Reached skill level 4 in Polearms
   706 | D:2      | Found an ornate altar of the Wu Jian Council.
   932 | D:2      | Reached XP level 4. HP: 21/31 MP: 4/4
  1214 | D:3      | Reached skill level 5 in Polearms
  1216 | D:3      | Reached XP level 5. HP: 28/36 MP: 5/5
  1375 | D:4      | Found Liump's Armour Shoppe.
  1445 | D:4      | Found Giffeb's General Store.
  1477 | D:4      | Reached skill level 6 in Polearms
  1477 | D:4      | Reached XP level 6. HP: 21/42 MP: 6/6
  1740 | D:4      | Noticed Eustachio
  1741 | D:4      | Found Avedo's General Store.
  1756 | D:4      | Killed Eustachio
  1756 | D:4      | Reached skill level 7 in Polearms
  1935 | D:4      | Reached XP level 7. HP: 46/46 MP: 7/7
  2245 | D:4      | Found a stormy altar of Qazlal.
  2336 | D:4      | Became a worshipper of Qazlal Stormbringer
  3231 | D:2      | Found a runed door.
  3272 | D:2      | Reached * piety under Qazlal
  3412 | D:2      | Reached skill level 8 in Polearms
  3495 | D:2      | Noticed Crazy Yiuf
  3500 | D:2      | Killed Crazy Yiuf
  4131 | D:5      | Entered Level 5 of the Dungeon
  4172 | D:5      | Noticed Sigmund
  4347 | D:5      | Killed Sigmund
  4347 | D:5      | Reached skill level 9 in Polearms
  4347 | D:5      | Reached XP level 8. HP: 26/52 MP: 8/8
  4937 | D:5      | Reached ** piety under Qazlal
  4983 | D:5      | Found a white marble altar of Elyvilon.
  5360 | D:5      | Found an iron altar of Okawaru.
  5392 | D:5      | Found Istral's Antique Armour Shop.
  5607 | D:6      | Reached skill level 10 in Polearms
  5626 | D:6      | Noticed Dowan
  5627 | D:6      | Noticed Duvessa
  5858 | D:6      | Noticed Pikel
  5872 | D:6      | Killed Pikel
  5872 | D:6      | Reached XP level 9. HP: 39/58 MP: 9/9
  5883 | D:6      | Killed Duvessa
  5884 | D:6      | Killed Dowan
  6707 | D:6      | Reached *** piety under Qazlal
  6927 | D:7      | Found Pelaba's Distillery.
  7003 | D:7      | Found a hide-covered altar of Uskayaw.
  7003 | D:7      | Found a shadowy altar of Dithmenos.
  7008 | D:7      | Reached skill level 11 in Polearms
  7011 | D:7      | Found a blossoming altar of Fedhas.
  7013 | D:7      | Found a bloodstained altar of Trog.
  7015 | D:7      | Found a sacrificial altar of Ru.
  7194 | D:7      | Found a staircase to the Ecumenical Temple.
  7230 | D:7      | Found a basalt altar of Yredelemnul.
  7385 | D:8      | Noticed Maurice
  7426 | D:8      | Reached skill level 5 in Fighting
  7530 | D:8      | Reached skill level 5 in Shields
  7613 | D:8      | Gained mutation: Your body sometimes deteriorates upon taking damage. [mutagenic meat]
  7778 | D:8      | Killed Maurice
  7778 | D:8      | Reached skill level 5 in Dodging
  7778 | D:8      | Reached XP level 10. HP: 48/66 MP: 10/10
  7877 | D:8      | Found a deep blue altar of Sif Muna.
  7896 | D:8      | Identified Sif Muna's Guide on the Volcanoes
  7987 | D:8      | Found a glowing golden altar of the Shining One.
  8113 | D:8      | Lost mutation: Your body sometimes deteriorates upon taking damage. [potion of mutation]
  8113 | D:8      | Gained mutation: Your magical capacity is low. (-10% MP) [potion of mutation]
  8113 | D:8      | Gained mutation: Your spells are a little harder to cast, but a little more powerful. [potion of mutation]
  8113 | D:8      | Gained mutation: Your muscles are strong. (Str +2) [potion of mutation]
  8145 | D:9      | Noticed a two-headed ogre
  8368 | D:9      | Noticed Erica
  8462 | D:8      | Reached skill level 1 in Invocations
  8477 | D:9      | Found a shattered altar of Ashenzari.
  8967 | D:9      | Killed Erica
  9611 | D:9      | Reached **** piety under Qazlal
  9773 | D:9      | Noticed Psyche
  9775 | D:9      | Found a staircase to the Lair.
  9783 | D:9      | Noticed Erolcha
  9783 | D:9      | Killed Psyche
  9783 | D:9      | Reached skill level 5 in Invocations
  9785 | D:9      | Slain by Erolcha

Vault maps used:
D:1:      grunt_arrival_crossed_arrows
D:2:      nicolae_overflow_crystal_walls, uniq_crazy_yiuf_cottage, uniq_jessica
D:3:      wad_floor_pattern_untrapped
D:4:      nicolae_qazlal_eye_of_the_storm, serial_shops, nicolae_shop_stone,
          shop, nicolae_shop_statue_plus, first_bread, uniq_eustachio
D:5:      kennysheep_mini_moat, old_standard_altar, serial_shops,
          nicolae_shop_stone, uniq_sigmund
D:6:      minmay_lizard_king, uniq_pikel, uniq_duvessa
D:7:      lemuel_zombie_altar_yredelemnul, chequers_temple_overflow_minitemple,
          temple_hall, serial_shops, shop, grunt_ogre_cave
D:8:      lemuel_coloured_pillars_altar, led_sif_book, uniq_maurice
D:9:      ashenzari_altar_1, lair_entry_dummy, uniq_erica, uniq_erolcha,
          uniq_psyche

Skill      XL: |  1  2  3  4  5  6  7  8  9 10 |
---------------+-------------------------------+-----
Polearms       | 3 4 5 6 7 9 10 11 | 11.6
Fighting       | 4 5 6 |  6.8
Dodging        | 4 5 6 |  6.4
Shields        | 4 5 6 |  6.5
Invocations    | 5 |  5.0

Action                   |  1- 3 |  4- 6 |  7- 9 | 10-12 || total
-------------------------+-------+-------+-------+-------++-------
Melee: Trident           |    43 |    74 |   344 |   180 ||   641
       Constrict         |     6 |    19 |    63 |    23 ||   111
       Tentacles         |     5 |    18 |    80 |    43 ||   146
Invok: Upheaval          |       |       |       |     1 ||     1
Evoke: Wand              |       |     2 |     3 |       ||     5
  Use: Scroll            |       |       |    11 |     9 ||    20
       Potion            |       |       |     1 |     6 ||     7
 Stab: Sleeping          |     4 |     1 |     5 |       ||    10
       Invisible         |       |       |       |     2 ||     2
  Eat: Chunk             |       |     3 |    17 |     4 ||    24
       Royal jelly       |       |       |     2 |     1 ||     3
Armor: Skin              |     3 |     3 |     4 |     2 ||    12
Dodge: Dodged            |    22 |    24 |    67 |    53 ||   166
Block: Shield            |    11 |    22 |   115 |   109 ||   257
